 Dungeon Crawl Stone Soup version 0.32-a0-30-gefbe487952 (webtiles) character file.

Game seed: 12151227333611837769

30614 inmateoo the Basher (level 13, -19/84 HPs)
             Began as a Gargoyle Fighter on Jan 19, 2024.
             Demolished by Jorgrun
             ... wielding a staff of earth
              (31 damage)
             ... on level 13 of the Dungeon.
             The game lasted 00:22:07 (16053 turns).

inmateoo the Basher (Gargoyle Fighter)             Turns: 16053, Time: 00:22:07

Health: -19/84     AC: 32    Str: 20    XL:     13   Next: 52%
Magic:  13/13      EV: 13    Int: 10    God:
Gold:   345        SH:  6    Dex: 13    Spells: 12/12 levels left

rFire   . . .        J - +4 morningstar (protect)
rCold   . . .        c - +0 buckler
rNeg    + + .        q - +5 scale mail {rN+}
rPois   ∞            i - +0 helmet
rElec   +            (no cloak)
rCorr   .            (no gloves)
SInv    .            (no boots)
Will    .....        I - amulet of the acrobat Stlth
                     (no ring)
HPRegen 0.34/turn    (no ring)
MPRegen 0.13/turn

%: acrobat
@: mighty, silenced, under a protective aura
A: sickness immunity, AC +9, negative energy resistance 1, electricity
resistance, torment resistance 1, petrification resistance
a: no special abilities


You were on level 13 of the Dungeon.
You visited 2 branches of the dungeon, and saw 14 of its levels.
You also visited: Ossuary.

You collected 1036 gold pieces.
You spent 691 gold pieces at shops.

Inventory:

Hand Weapons
 h - the +7 whip "Lanto" {flame, *Corrode rF+ Int+6 Stlth+}
   (You found it on level 4 of the Dungeon)

   Int+6:     It affects your intelligence (+6).
   rF+:       It protects you from fire.
   *Corrode:  It may corrode you when you take damage.
   Stlth+:    It makes you more stealthy.
 J - a +4 morningstar of protection (weapon)
Armour
 c - a +0 buckler (worn)
 i - a +0 helmet (worn)
 q - a +5 scale mail of positive energy (worn)
Jewellery
 r - a ring of fire
 u - a ring of ice
 I - an amulet of the acrobat (around neck)
Wands
 n - a wand of paralysis (11)
 x - a wand of digging (12)
 A - a wand of mindburst (2)
 E - a wand of flame (20)
 F - a wand of roots (4)
Scrolls
 b - 3 scrolls of amnesia
 e - 7 scrolls of teleportation
 f - a scroll of enchant weapon
 g - a scroll of blinking
 m - a scroll of brand weapon
 v - 2 scrolls of fear
 w - 3 scrolls of poison
 y - a scroll of revelation
 H - 5 scrolls of identify
 K - a scroll of fog
Potions
 a - 2 potions of magic
 d - 3 potions of might
 j - 2 potions of heal wounds
 k - 6 potions of brilliance
 l - 4 potions of curing
 o - 4 potions of enlightenment
 p - 4 potions of attraction
 s - 5 potions of mutation
 t - a potion of berserk rage {unknown}
 C - a potion of ambrosia
 D - a potion of invisibility


   Skills:
 + Level 11.0 Fighting
 * Level 13.5 Maces & Flails
 + Level 10.8 Armour
 + Level 7.7 Dodging
 + Level 10.6 Shields


You had 12 spell levels left.
You didn't know any spells.
Your spell library contained the following spells:

 Spells                   Type           Power      Damage    Failure   Level
 Hailstorm                Conj/Ice       0%         3d5       97%         3
 Inner Flame              Hex/Fire       0%         N/A       97%         3
 Stone Arrow              Conj/Erth      0%         3d7       97%         3
 Summon Ice Beast         Ice/Summ       0%         N/A       97%         3
 Tukima's Dance           Hex            0%         N/A       97%         3
 Animate Armour           Summ/Erth      0%         N/A       100%        4
 Brom's Barrelling Bould  Conj/Erth      0%         2d3       100%        4
 Dimensional Bullseye     Hex/Tloc       0%         N/A       100%        4
 Flame Wave               Conj/Fire      0%         2d4       100%        4
 Iskenderun's Mystic Bla  Conj/Tloc      0%         2d3       100%        4
 Sticky Flame             Fire/Alch      0%         2d4       100%        4
 Fireball                 Conj/Fire      0%         3d3       100%        5
 Iskenderun's Battlesphe  Conj           0%         2d6       100%        5
 Conjure Ball Lightning   Conj/Air       0%         3x3d6     100%        6
 Sculpt Simulacrum        Ice/Alch       0%         N/A       100%        6
 Orb of Destruction       Conj           0%         9d5       100%        7
 Lehudib's Crystal Spear  Conj/Erth      0%         10d2      100%        8


Dungeon Overview and Level Annotations

Branches:
Dungeon (13/15)            Temple (1/1) D:4            Lair (0/5) D:8
    Orc (0/2) D:12        Ossuary (visited)
 Vaults: D:13-14

Altars:
Ashenzari
Cheibriados
Dithmenos
Elyvilon
Fedhas
Gozag
Hepliaklqana
Kikubaaqudgha
Makhleb
Nemelex Xobeh
Okawaru
Qazlal
Ru
Sif Muna
Trog
Uskayaw
Vehumet
Wu Jian
Xom
Yredelemnul
Zin
The Shining One

Shops:
D:7 ?   D:12 ?

Annotations:
D:8 1 transporter
D:11 1 runed translucent door, munkybalat's ghost, journeyman FoHu
D:12 3 runed translucent doors, BigAl98's ghost, journeyman GnRe
D:13 Jorgrun


Innate Abilities, Weirdness & Mutations

You are immune to sickness and miasma.
Your stone body is resilient. (AC +9)
You are immune to poison.
You resist negative energy. (rN+)
You are resistant to electric shocks. (rElec)
You are resistant to unholy torment.
You are immune to petrification.


Message History

Press: ? - help, Shift-Dir - straight line, f - Jorgrun
Aim: Jorgrun, wielding a staff of earth and wearing a +2 robe of positive energy (chance to affect: 1%)
Okay, then.
Aiming: Throw Flame
Press: ? - help, Shift-Dir - straight line, f - Jorgrun
Aim: Jorgrun, wielding a staff of earth and wearing a +2 robe of positive energy (48% to hit)
The puff of flame misses Jorgrun.
Okay, then.
Throw: 2 darts (curare)
Press: ? - help, Q - select action, (/) - cycle Shift-Dir - straight line, f/p - Jorgrun
Aim: Jorgrun, wielding a staff of earth and wearing a +2 robe of positive energy (42% to hit)
You throw a curare-tipped dart. The curare-tipped dart hits Jorgrun.
Jorgrun is poisoned.
Jorgrun struggles to breathe.
Jorgrun seems to slow down.
Jorgrun is lightly wounded.
Throw: dart (curare)
Press: ? - help, Q - select action, (/) - cycle Shift-Dir - straight line, f/p - Jorgrun
Aim: Jorgrun, wielding a staff of earth and wearing a +2 robe of positive energy (lightly wounded, very poisoned, slow, 42% to hit)
You throw a curare-tipped dart.
The curare-tipped dart barely misses Jorgrun.
You feel very mighty all of a sudden.
There is an open door here.
You see here a +1 scimitar of flaming.
Jorgrun gestures at you while chanting.
You struggle to resist.
You miss Jorgrun.
Jorgrun is lightly wounded.
Jorgrun hits you with a staff of earth! The ground beneath you fractures!!
You barely miss Jorgrun.
Jorgrun is lightly wounded.
You puncture Jorgrun!
Your weapon exudes an aura of protection.
Jorgrun is lightly wounded.
Jorgrun hits you with a staff of earth. The ground beneath you fractures!!
* * * LOW HITPOINT WARNING * * *
As you read the scroll of silence, it crumbles to dust.
A profound silence engulfs you. Jorgrun hits you with a staff of earth!
* * * LOW HITPOINT WARNING * * *
The ground beneath you fractures!!
You die...

#...##'##.# ####...# ####.
#.......#.#(...#.#....#.# #.
#....##.#.#....#.#.#..#.# #.
#.......#.#?#..#.#......########.
#.#.....'.#....#(# #............
#....#..###....#.####.#..........
#....#..# #.#..#...#..#..........
#.......# #.#..#.##.#...#####....
#.#.....###.#.<.@...((..#...##'##
#.......#.#....))g'.#.#.#...#....
#....#..#.#....#......#.#...#'###
#.......#.#.##.#...#....#...#....
#.......#'#........#....###'#....
#....##..........................
#.#..##..#............#..#.......
#................................
###########.#####################


You could see Jorgrun (poisoned, slow).

Vanquished Creatures
  Azrael (D:13)
  A centaur warrior (D:10)
  3 boulder beetles
  Urug (D:10)
  Pikel (D:6)
  2 deep elf pyromancers (D:12)
  5 cyclopes
  3 manticores
  2 ugly things
  6 gargoyles
  3 unseen horrors (D:10)
  5 kobold demonologists
  A komodo dragon (D:10)
  10 trolls
  2 polar bears (D:12)
  3 centaur simulacra (D:12)
  6 slime creatures
  3 shadows
  A vampire (D:10)
  Sigmund (D:3)
  A fire elemental (D:13)
  27 yaks
  A warg (D:8)
  A steam dragon (D:9)
  11 vampire mosquitoes
  2 acid dragons
  4 hell hounds
  6 water moccasins
  8 orc warriors
  2 sky beasts (D:7)
  3 ice beasts
  3 black bears
  6 centaurs
  3 wolves
  3 lemures
  4 ogres
  A phantom (D:5)
  7 kobold brigands
  A bullfrog (D:8)
  2 gnoll sergeants
  4 scorpions
  12 wights
  3 killer bees (D:10)
  An electric eel (D:12)
  4 howler monkeys
  5 centaur zombies (Ossuary)
  3 hounds
  4 jellies
  2 human zombies (Ossuary)
  2 bombardier beetles (D:5)
  9 orc priests
  3 gnoll boudas
  Jessica (D:3)
  2 iguanas (D:5)
  11 orc wizards
  4 hound zombies (Ossuary)
  2 mummies (Ossuary)
  30 gnolls
  9 adders
  A shadow imp (D:8)
  2 white imps (D:12)
  8 ufetubi
  5 adder zombies (Ossuary)
  3 dart slugs
  2 ribbon worms
  57 orcs
  10 endoplasms
  3 giant cockroaches
  3 gnoll zombies (Ossuary)
  8 goblins
  6 hobgoblins
  6 jackals
  30 kobolds
  2 quokkas
  6 ball pythons
  A bat (D:1)
  3 frilled lizards
  6 jackal zombies (Ossuary)
  7 kobold zombies (Ossuary)
  5 orc zombies (Ossuary)
  6 rats
447 creatures vanquished.

Vanquished Creatures (others)
  2 orcs (D:12)
2 creatures vanquished.

Grand Total: 449 creatures vanquished

Notes
Turn   | Place    | Note
-------+----------+-------------------------------------------
     0 | D:1      | inmateoo the Gargoyle Fighter began the quest for the Orb.
     0 | D:1      | Reached XP level 1. HP: 14/14 MP: 1/1
    97 | D:1      | Reached XP level 2. HP: 13/19 MP: 2/2
   237 | D:1      | Reached XP level 3. HP: 22/23 MP: 3/3
   328 | D:1      | You fall into a shaft and drop 1 floor!
   563 | D:2      | Reached XP level 4. HP: 15/29 MP: 4/4
   566 | D:2      | Reached skill level 3 in Maces & Flails
   642 | D:2      | Reached skill level 1 in Dodging
   871 | D:2      | Reached XP level 5. HP: 29/33 MP: 5/5
  1790 | D:3      | Noticed Jessica
  1798 | D:3      | Killed Jessica
  2026 | D:3      | Found a burning altar of Makhleb.
  2026 | D:3      | Found a glowing silver altar of Zin.
  2026 | D:3      | Found a basalt altar of Yredelemnul.
  2533 | D:3      | Noticed Sigmund
  2554 | D:3      | Killed Sigmund
  2555 | D:3      | Reached skill level 4 in Maces & Flails
  2555 | D:3      | Reached XP level 6. HP: 27/39 MP: 6/6
  2889 | D:4      | Reached XP level 7. HP: 40/44 MP: 7/7
  3010 | D:4      | Reached skill level 5 in Maces & Flails
  3048 | D:4      | Identified the +7 whip "Lanto" {flame, *Corrode rF+ Int+6
                  | Stlth+}
  3137 | D:4      | Found a staircase to the Ecumenical Temple.
  3266 | D:4      | Found a sand-covered staircase.
  3274 | Ossuary  | Entered an ossuary
  3290 | Ossuary  | Reached skill level 5 in Fighting
  3421 | Ossuary  | Reached skill level 5 in Armour
  3447 | Ossuary  | Reached skill level 5 in Shields
  3447 | Ossuary  | Reached XP level 8. HP: 43/49 MP: 8/8
  3814 | Temple   | Entered the Ecumenical Temple
  3839 | D:5      | Entered Level 5 of the Dungeon
  3951 | D:5      | Found a blossoming altar of Fedhas.
  3951 | D:5      | Found a sacrificial altar of Ru.
  3961 | D:5      | Reached skill level 6 in Maces & Flails
  4613 | D:5      | Reached XP level 9. HP: 44/55 MP: 9/9
  4637 | D:5      | Reached skill level 7 in Maces & Flails
  4960 | D:5      | Found a sparkling altar of Nemelex Xobeh.
  4962 | D:5      | Found a shimmering blue altar of Sif Muna.
  4963 | D:5      | Found a broken altar of Ashenzari.
  4964 | D:5      | Found an ornate altar of the Wu Jian Council.
  4965 | D:5      | Found a hazy altar of Hepliaklqana.
  5108 | D:6      | Noticed Pikel
  5802 | D:6      | Killed Pikel
  5803 | D:6      | Reached skill level 8 in Maces & Flails
  6167 | D:7      | Reached XP level 10. HP: 63/63 MP: 10/10
  6298 | D:7      | Found Muiniudd's Magic Scroll Shoppe.
  6312 | D:7      | Bought a scroll of identify for 26 gold pieces
  6312 | D:7      | Bought a scroll of identify for 26 gold pieces
  6312 | D:7      | Bought a scroll of teleportation for 39 gold pieces
  6312 | D:7      | Bought a scroll of fear for 52 gold pieces
  6312 | D:7      | Bought a scroll of teleportation for 39 gold pieces
  6312 | D:7      | Bought a scroll of noise for 13 gold pieces
  6535 | D:7      | Found a glowing golden altar of the Shining One.
  6561 | D:7      | Identified the +0 robe of Action {-Cast rC++}
  6625 | D:7      | Found an iron altar of Okawaru.
  6948 | D:8      | Reached skill level 9 in Maces & Flails
  7169 | D:8      | Found a staircase to the Lair.
  7252 | D:8      | Reached skill level 5 in Dodging
  7417 | D:8      | Found a transporter.
  8346 | D:9      | Found a shimmering altar of Xom.
  8354 | D:9      | Found a shimmering altar of Xom.
  8359 | D:9      | Found a shimmering altar of Xom.
  8360 | D:9      | Found a shimmering altar of Xom.
  8360 | D:9      | Found a shimmering altar of Xom.
  8360 | D:9      | Found a shimmering altar of Xom.
  8360 | D:9      | Found a shimmering altar of Xom.
  8570 | D:8      | Reached XP level 11. HP: 60/68 MP: 11/11
  8576 | D:8      | Reached skill level 10 in Maces & Flails
  9189 | D:10     | Entered Level 10 of the Dungeon
  9802 | D:10     | Noticed Urug
  9818 | D:10     | Killed Urug
 10292 | D:10     | Noticed a boulder beetle
 10463 | D:10     | Noticed a centaur warrior
 10471 | D:10     | Reached skill level 11 in Maces & Flails
 10511 | D:10     | Killed a boulder beetle
 10668 | D:10     | Noticed a manticore
 10987 | D:10     | Killed a manticore
 10988 | D:10     | Reached XP level 12. HP: 24/76 MP: 12/12
 11231 | D:10     | Killed a centaur warrior
 11559 | D:11     | Found a runed translucent door.
 11670 | D:11     | Found a shimmering altar of Xom.
 11670 | D:11     | Noticed munkybalat's ghost (journeyman FoHu)
 11735 | D:11     | Noticed a sun demon
 11832 | D:11     | Noticed a boulder beetle
 12152 | D:11     | Reached skill level 12 in Maces & Flails
 12165 | D:11     | Killed a boulder beetle
 12980 | D:11     | Reached skill level 10 in Fighting
 13399 | D:12     | Noticed a sun demon
 13441 | D:11     | Noticed a sun demon
 13447 | D:11     | Reached skill level 10 in Armour
 13677 | D:12     | Reached skill level 10 in Shields
 13913 | D:12     | Reached XP level 13. HP: 54/83 MP: 13/13
 14210 | D:12     | Found Lufeuhiu's Magic Scroll Boutique.
 14263 | D:12     | Reached skill level 13 in Maces & Flails
 14379 | D:12     | Bought a scroll of enchant weapon for 120 gold pieces
 14379 | D:12     | Bought a scroll of brand weapon for 152 gold pieces
 14379 | D:12     | Bought a scroll of teleportation for 48 gold pieces
 14379 | D:12     | Bought a scroll of teleportation for 48 gold pieces
 14379 | D:12     | Bought a scroll of fear for 64 gold pieces
 14379 | D:12     | Bought a scroll of identify for 32 gold pieces
 14379 | D:12     | Bought a scroll of identify for 32 gold pieces
 14418 | D:12     | Found a staircase to the Orcish Mines.
 14858 | D:12     | Found a runed translucent gate.
 14858 | D:12     | Found a runed translucent gate.
 14859 | D:12     | Found a runed translucent gate.
 15115 | D:12     | Noticed BigAl98's ghost (journeyman GnRe)
 15322 | D:13     | Noticed Jorgrun
 15568 | D:13     | Noticed Azrael
 15591 | D:13     | Killed Azrael
 16053 | D:13     | Demolished by Jorgrun

Illustrated notes

Levels and vault maps discovered:
D:1:      minmay_arrival_up_and_down, layout_basic, minmay_pentomino_p4
D:2:      layout_basic, nicolae_grassy_gnolls
D:3:      layout_loops_corners, gammafunk_temple_overflow_forgotten,
          hangedman_decor_clover_reticule, uniq_jessica, uniq_sigmund
D:4:      layout_loops_ring, minmay_temple_entry_proselytizer,
          nicolae_ossuary_entry_ruins, minmay_misc_feat_plants,
          minmay_misc_feat_nine_boxes
D:5:      layout_loops_ring, minitemple, jmf_multi_god_temple, corexii_shack,
          kennysheep_generic_room_2
D:6:      layout_loops_ring, uniq_pikel
D:7:      layout_loops_ring, mainiacjoe_overflow_alcove_2, okawaru_trees_1,
          serial_shops, nicolae_shop_gibbet_a_chance
D:8:      layout_cave_pods, erik_lair_orcish_takeover, nicolae_diode_basic
D:9:      layout_gridville, xom_shifter_show, roderic_roman_lattice, minivault_5
D:10:     kennysheep_windowed_halls, layout_loops_corners, uniq_urug
D:11:     layout_rooms, ebering_ghost_xom, special_room [special_room_orc]
D:12:     layout_basic, hiddenorc1_lemuel, gammafunk_ghost_spectres,
          serial_shops, shop, serial_ice, serial_ice_i, serial_ice_b,
          serial_ice_m, serial_ice_g, serial_ice_d, serial_ice_a,
          portal_ice_cave_entry_pillars_2
D:13:     layout_stronghold, gauntlet_entry_generic, uniq_azrael, uniq_jorgrun
Temple:   dpeg_three_leaves_temple

Skill      XL: |  1  2  3  4  5  6  7  8  9 10 11 12 13 |
---------------+----------------------------------------+-----
Maces & Flails | 3 4 5 6 8 9 11 12 13 | 13.5
Dodging        | 1 2 3 4 5 6 7 |  7.7
Fighting       | 4 5 6 7 8 9 10 11 | 11.0
Armour         | 4 5 6 8 9 10 | 10.8
Shields        | 4 5 6 8 9 10 | 10.6

Action                     |  1- 3 |  4- 6 |  7- 9 | 10-12 | 13-15 || total
---------------------------+-------+-------+-------+-------+-------++-------
  Melee: Flail             |    22 |       |       |       |       ||    22
         Whip              |    66 |   179 |   415 |   392 |       ||  1052
         Morningstar       |       |       |       |   577 |   269 ||   846
  Throw: Dart              |       |       |     2 |     1 |     4 ||     7
  Evoke: Wand              |       |       |       |    10 |    10 ||    20
    Use: Scroll            |       |     8 |     1 |    14 |     5 ||    28
         Potion            |       |       |     4 |     5 |     2 ||    11
   Stab: Paralysed         |       |       |       |    21 |    12 ||    33
 Armour: Scale mail        |    15 |       |       |   409 |   188 ||   612
         Chain mail        |    48 |   128 |   275 |   244 |       ||   695
         Skin              |       |       |     6 |       |       ||     6
  Dodge: Dodged            |    29 |    57 |   135 |   503 |   154 ||   878
  Block: Buckler           |    19 |    44 |    96 |   252 |    82 ||   493

Table legend: (Time is in decaauts)
 A = Elapsed time spent in this place.
 B = Non-inter-level travel time spent in this place.
 C = Inter-level travel time spent in this place.
 D = Time resting spent in this place.
 E = Time spent auto-exploring this place.
 F = Levels seen in this place.
 G = Mean time per level.
                   A        B        C        D        E       F      G
               +--------+--------+--------+--------+--------+-----+--------+
         Total |  15773 |  14976 |    797 |   3286 |   7372 |  15 | 1051.5 |
       Dungeon |  15464 |  14668 |    796 |   3274 |   7251 |  13 | 1189.5 |
        Temple |      5 |      5 |      0 |      0 |      0 |   1 |    5.0 |
       Ossuary |    303 |    303 |      0 |     12 |    121 |   1 |  303.0 |
               +--------+--------+--------+--------+--------+-----+--------+

Top non-repeatable levels by time:
    D:10: 3185 daAuts
    D:12: 1510 daAuts
     D:5: 1376 daAuts
    D:11: 1373 daAuts
     D:8: 1319 daAuts
     D:3: 985 daAuts
     D:9: 972 daAuts
     D:2: 907 daAuts
     D:1: 831 daAuts
     D:4: 784 daAuts
     D:6: 783 daAuts
     D:7: 723 daAuts
    D:13: 709 daAuts
 Ossuary: 303 daAuts
  Temple: 5 daAuts
